 Dungeon Sprint DCSS version 0.31.0-12-g77e489cdc1 (webtiles) character file.

Game seed: 4507194675907959036

1318 Silvore the Fighter (level 8, -2/124 HPs)
             Began as a Minotaur Fighter on Feb 21, 2024.
             Was a Believer of Okawaru.
             Slain by a centaur warrior (12 damage)
             ... in the Dungeon (Sprint I: "Red Sonja").
             The game lasted 00:01:14 (277 turns).

Silvore the Fighter (Minotaur Fighter)               Turns: 277, Time: 00:01:15

Health: -2/124     AC:  9    Str: 22    XL:     8   Next: 33%
Magic:  7/7        EV: 10    Int:  5    God:    Okawaru [**....]
Gold:   294        SH:  6    Dex: 11    Spells: 7/7 levels left

rFire   . . .        a - +0 war axe
rCold   . . .        c - +0 buckler
rNeg    . . .        b - +0 scale mail
rPois   .            (helmet restricted)
rElec   .            (no cloak)
rCorr   .            (no gloves)
SInv    .            (no boots)
Will    .....        (no amulet) Stlth
                     (no ring)
HPRegen 0.40/turn    (no ring)
MPRegen 0.10/turn

%: no teleportation
@: berserking, very quick
A: horns 2, retaliatory headbutt
a: Renounce Religion, Heroism


You were in the Dungeon.
You worshipped Okawaru.
Okawaru was pleased with you.
You visited 1 branch You collected 417 gold pieces.
You spent 123 gold pieces at shops.

Inventory:

Hand Weapons
 a - a +0 war axe (weapon)
Armour
 b - a +0 scale mail (worn)
 c - a +0 buckler (worn)
Scrolls
 j - a scroll of blinking
Potions
 e - a potion of curing
 g - a potion of haste
 h - 2 potions of magic


   Skills:
 + Level 12.1 Fighting
 + Level 11.4 Axes
 + Level 11.5 Armour
 + Level 2.0 Dodging
 + Level 11.0 Shields


You had 7 spell levels left.
You didn't know any spells.
Your spell library was empty.

Dungeon Overview and Level Annotations

Branches:
Dungeon (1/1)

Altars:
Cheibriados
Dithmenos
Elyvilon
Fedhas
Gozag
Hepliaklqana
Kikubaaqudgha
Makhleb
Nemelex Xobeh
Okawaru
Qazlal
Ru
Sif Muna
Trog
Uskayaw
Vehumet
Wu Jian
Xom
Yredelemnul
Zin
The Shining One
Jiyva
Lugonu

Shops:
D ?


Innate Abilities, Weirdness & Mutations

You have a pair of horns on your head.
You reflexively headbutt those who attack you in melee.


Message History

The centaur warrior kicks you but does no damage.
The centaur warrior barely misses you. You block the centaur warrior's attack.
The centaur warrior hits you!
The centaur warrior kicks you but does no damage.
A red film seems to cover your vision as you go berserk!
You feel yourself moving faster!
You feel mighty! The centaur warrior hits you!
* * * LOW HITPOINT WARNING * * *
The centaur warrior kicks you but does no damage.
The centaur warrior barely misses you.
The centaur warrior kicks you but does no damage.
The centaur warrior hits you!
* * * LOW HITPOINT WARNING * * *
The centaur warrior kicks you but does no damage.
You barely miss the centaur warrior. You headbutt the centaur warrior!
The centaur warrior is moderately wounded.
You hit the centaur warrior. The centaur warrior hits you.
* * * LOW HITPOINT WARNING * * *
You block the centaur warrior's attack.
The centaur warrior hits you but does no damage.
The centaur warrior closely misses you.
You barely miss the centaur warrior.
The centaur warrior is moderately wounded.
You hit the centaur warrior.
The centaur warrior hits you but does no damage.
The centaur warrior closely misses you.
The centaur warrior hits you but does no damage.
The centaur warrior kicks you.
* * * LOW HITPOINT WARNING * * *
You slice the centaur warrior!!
The centaur warrior is severely wounded.
You hit the centaur warrior.
The centaur warrior hits you but does no damage.
The centaur warrior kicks you but does no damage.
You block the centaur warrior's attack.
The centaur warrior kicks you but does no damage.
You slice the centaur warrior!!
You kill the centaur warrior!
Okawaru is honoured by your kill.
You slash the centaur warrior! The centaur warrior hits you!
You die...

#######################
#..)..#..'..#__#..'.).#
').#..').#..'..'..#)..#
#####'#####§#__####...+
####..#...#§####§=#####
#__####..##)#§§§§c#
#_____##'#_.§~§§@.+
#_.∩...†..._#§§§§)#
#_..__##_.#+##+####
#_____###+# #######


You could see a centaur warrior.

Vanquished Creatures
  A centaur warrior (D)
  2 kobold demonologists (D)
  A glass eye (D)
  Sigmund (D)
  A slime creature (D)
  A yak (D)
  An ogre (D)
  A jelly (D)
  Ijyb (D)
10 creatures vanquished.

Notes
Turn   | Place    | Note
-------+----------+-------------------------------------------
     0 | D        | Silvore the Minotaur Fighter began the quest for the Orb.
     0 | D        | Reached XP level 1. HP: 19/19 MP: 0/0
     2 | D        | Noticed Ijyb
     6 | D        | Killed Ijyb
     7 | D        | Reached skill level 5 in Fighting
     7 | D        | Reached skill level 5 in Armour
     7 | D        | Reached skill level 5 in Shields
     7 | D        | Reached XP level 2. HP: 28/29 MP: 1/1
     9 | D        | Noticed an ogre
    12 | D        | Killed an ogre
    13 | D        | Reached skill level 7 in Fighting
    13 | D        | Reached XP level 3. HP: 35/39 MP: 2/2
    13 | D        | Reached XP level 4. HP: 42/47 MP: 3/3
    23 | D        | Noticed Sigmund
    26 | D        | Killed Sigmund
    27 | D        | Reached skill level 9 in Fighting
    27 | D        | Reached XP level 5. HP: 48/57 MP: 4/4
    27 | D        | Reached XP level 6. HP: 53/63 MP: 5/5
    39 | D        | Found an ornate altar of the Wu Jian Council.
    39 | D        | Found a shimmering blue altar of Sif Muna.
    41 | D        | Found a radiant altar of Vehumet.
    68 | D        | Found Nuzoiz's Magic Scroll Emporium.
    68 | D        | Found an ancient bone altar of Kikubaaqudgha.
    68 | D        | Found a hazy altar of Hepliaklqana.
    68 | D        | Found a stormy altar of Qazlal.
    68 | D        | Found a hide-covered altar of Uskayaw.
    68 | D        | Found a blossoming altar of Fedhas.
    68 | D        | Found a bloodstained altar of Trog.
    68 | D        | Found an iron altar of Okawaru.
    68 | D        | Found a basalt altar of Yredelemnul.
    68 | D        | Found a glowing golden altar of the Shining One.
    68 | D        | Found a snail-covered altar of Cheibriados.
    68 | D        | Found a sacrificial altar of Ru.
    68 | D        | Found a glowing silver altar of Zin.
    68 | D        | Found a shadowy altar of Dithmenos.
    68 | D        | Found a white marble altar of Elyvilon.
    68 | D        | Noticed a yak
    76 | D        | Killed a yak
    77 | D        | Reached skill level 10 in Fighting
    77 | D        | Reached skill level 10 in Armour
    77 | D        | Found an opulent altar of Gozag.
    78 | D        | Found a sparkling altar of Nemelex Xobeh.
    83 | D        | Became a worshipper of Warmaster Okawaru
    85 | D        | Bought a scroll of silence for 123 gold pieces
    96 | D        | Found a burning altar of Makhleb.
    96 | D        | Found a viscous altar of Jiyva.
    96 | D        | Found a shimmering altar of Xom.
    96 | D        | Found a corrupted altar of Lugonu.
    96 | D        | Noticed a slime creature
   105 | D        | Killed a slime creature
   106 | D        | Reached XP level 7. HP: 39/73 MP: 6/6
   223 | D        | Noticed a kobold demonologist
   224 | D        | Noticed a glass eye
   224 | D        | Noticed a kobold demonologist
   233 | D        | Killed a kobold demonologist
   233 | D        | Reached * piety under Okawaru
   234 | D        | Reached skill level 11 in Fighting
   234 | D        | Reached skill level 1 in Dodging
   234 | D        | Reached skill level 10 in Shields
   241 | D        | Killed a kobold demonologist
   242 | D        | Reached skill level 10 in Axes
   242 | D        | Reached XP level 8. HP: 76/83 MP: 7/7
   246 | D        | Killed a glass eye
   246 | D        | Reached ** piety under Okawaru
   247 | D        | Reached skill level 12 in Fighting
   260 | D        | Noticed a centaur warrior
   260 | D        | Noticed a centaur warrior
   277 | D        | Killed a centaur warrior
   277 | D        | Slain by a centaur warrior

Illustrated notes

Levels and vault maps discovered:
D:        dungeon_sprint_1 [red_sonja_temple_1, red_sonja_temple_small_1]

Skill      XL: |  1  2  3  4  5  6  7  8 |
---------------+-------------------------+-----
Fighting       | 5 7 9 10 11 12 | 12.1
Axes           | 3 4 6 8 10 11 | 11.4
Armour         | 5 7 9 10 11 | 11.5
Shields        | 5 6 8 9 10 11 | 11.0
Dodging        | 1 2 |  2.0

Action                     |  1- 3 |  4- 6 |  7- 9 || total
---------------------------+-------+-------+-------++-------
  Melee: War axe           |     5 |    20 |    26 ||    51
         Headbutt          |     1 |     7 |     6 ||    14
    Use: Potion            |     1 |       |     2 ||     3
         Scroll            |       |       |     1 ||     1
 Armour: Scale mail        |     2 |    10 |    51 ||    63
  Dodge: Dodged            |     1 |     8 |    18 ||    27
  Block: Buckler           |       |     4 |    13 ||    17
